[Event "Titled Tuesday Blitz March 08 Early 2022"]
[White "Rychagov, Andrey"]
[Black "Heinemann, Josefine"]
[WhiteFideId "4119932"]
[BlackFideId "12900460"]
[WhiteElo "2500"]
[BlackElo "2300"]
[Result "1-0"]
[Round "01"]
[TimeControl "180+1"]
[Date "2022.03.09"]
[WhiteClock "0:00:20"]
[BlackClock "0:00:16"]

1. d4 Nf6 2. c4 g6 3. Nc3 d5 4. Nf3 Bg7 5. cxd5 Nxd5 6. Bg5 Nxc3 7. bxc3 c5 8. e3 O-O 9. Be2 b6 10. O-O Bb7 11. dxc5 Qc7 12. cxb6 axb6 13. Nd4 Re8 14. Bf3 Bxf3 15. Qxf3 Na6 16. Rfc1 Nc5 17. h3 e5 18. Qc6 Qxc6 19. Nxc6 f6 20. Bh4 g5 21. Bg3 Ra3 22. Rcb1 Na4 23. c4 Rc3 24. Rb4 Ra8 25. Ne7+ Kf7 26. Nd5 Rc2 27. Nxb6 Nxb6 28. Rxb6 Raxa2 29. Rb7+ Kg6 30. Rxa2 Rxa2 31. f4 exf4 32. exf4 gxf4 33. Bxf4 Rc2 34. Rc7 Bf8 35. Be3 h5 36. c5 Kf5 37. Rc6 Be7 38. Bf2 Rc1+ 39. Kh2 Rc2 40. Bg1 Ke5 41. Rc7 Bf8 42. Rh7 Bxc5 43. Bxc5 Rxc5 44. Rxh5+ f5 45. g4 Rc2+ 46. Kg3 Rc3+ 47. Kh4 Kf6 48. Rxf5+ Kg6 49. Ra5 Rc6 50. Rd5 Ra6 51. Re5 Rb6 52. Kg3 Rb3+ 53. Kh4 Rb6 54. Re3 Ra6 55. Kg3 Rb6 56. h4 Ra6 57. h5+ Kh6 58. Kh4 Rb6 59. Re7 Rb4 60. Re6+ Kg7 61. h6+ Kh7 62. Kh5 Rb5+ 63. g5 Ra5 64. Re7+ Kg8 65. Kg6 Ra6+ 66. Kf5 Ra5+ 67. Kf6 Ra6+ 68. Re6 Ra8 69. g6 Rf8+ 70. Kg5 Ra8 71. Rd6 Ra5+ 72. Kf6 Ra8 73. Ke7 Ra7+ 74. Rd7 1-0


[Site "https://www.chess.com"]

[Event "Titled Tuesday Blitz March 08 Early 2022"]
[White "Sadhwani, Raunak"]
[Black "Romanchuk, Viktor"]
[WhiteFideId "35093487"]
[BlackFideId "14109271"]
[WhiteElo "2616"]
[BlackElo "2242"]
[Result "1-0"]
[Round "01"]
[TimeControl "180+1"]
[Date "2022.03.08"]
[WhiteClock "0:01:10"]
[BlackClock "0:00:23"]

1. d4 d5 2. Nf3 Nf6 3. Bf4 c5 4. e3 Nc6 5. Nbd2 Qb6 6. dxc5 Qxb2 7. Rb1 Qc3 8. Bb5 e6 9. O-O Bxc5 10. Nb3 Nd7 11. Nxc5 Qxc5 12. c4 O-O 13. cxd5 Qxd5 14. Qe2 Nf6 15. Rfd1 Qh5 16. h3 a6 17. Bxc6 bxc6 18. Rbc1 c5 19. Bd6 Re8 20. Rxc5 Qg6 21. Rg5 Qe4 22. Be5 h6 23. Rg3 Qf5 24. e4 Qxe4 25. Rxg7+ Kf8 26. Bxf6 Qxe2 27. Rh7 Qxd1+ 28. Kh2 Qd6+ 29. g3 Qxg3+ 30. Kxg3 1-0


[Site "https://www.chess.com"]

[Event "Titled Tuesday Blitz March 08 Early 2022"]
[White "Safarli, Eltaj"]
[Black "Eynullayev, Atilla"]
[WhiteFideId "13402129"]
[BlackFideId "13413570"]
[WhiteElo "2634"]
[BlackElo "1979"]
[Result "1-0"]
[Round "01"]
[TimeControl "180+1"]
[Date "2022.03.08"]
[WhiteClock "0:01:52"]
[BlackClock "0:00:03"]

1. e4 c5 2. Nc3 e6 3. Nf3 a6 4. g3 b5 5. Bg2 Bb7 6. d4 cxd4 7. Nxd4 Nf6 8. O-O Bc5 9. Re1 O-O 10. Bg5 e5 11. Nf5 h6 12. Bh4 Qb6 13. Qf3 Nh7 14. Be7 Re8 15. Bxc5 Qxc5 16. Rad1 b4 17. Nd5 Bxd5 18. Rxd5 Qc6 19. Red1 a5 20. Rd6 Qxc2 21. Qg4 g6 22. Rxg6+ Kh8 23. Rc6 Rg8 24. Qxg8+ Kxg8 25. Rxc2 1-0


[Site "https://www.chess.com"]

[Event "Titled Tuesday Blitz March 08 Early 2022"]
[White "Sahin, Handenur"]
[Black "Msellek, Ilyass"]
[WhiteFideId "6334865"]
[BlackFideId "675938"]
[WhiteElo "2171"]
[BlackElo "2219"]
[Result "0-1"]
[Round "01"]
[TimeControl "180+1"]
[Date "2022.03.09"]
[WhiteClock "0:00:16"]
[BlackClock "0:00:13"]

1. e4 e5 2. Nf3 Nc6 3. Bb5 a6 4. Ba4 f5 5. d3 Nf6 6. Nc3 b5 7. Bb3 fxe4 8. dxe4 Bc5 9. Bg5 d6 10. Nd5 Bg4 11. Nxf6+ gxf6 12. Qd5 Kd7 13. Qf7+ Qe7 14. Qxf6 Qxf6 15. Bxf6 Rhf8 16. Bg7 Bxf3 17. Bxf8 Bxg2 18. Rg1 Bxe4 19. Rg7+ Kc8 20. O-O-O Nd4 21. Be7 Kb7 22. c3 Ne2+ 23. Kd2 Nf4 24. Bg5 Nh5 25. Rf7 Rg8 26. Rxc7+ Kxc7 27. Bxg8 Bxf2 28. Ke2 Bc5 29. Be3 Nf4+ 30. Bxf4 exf4 31. Bd5 Bf5 32. Kf3 Be3 33. Be4 Be6 34. Bxh7 Bxa2 35. Be4 Bf7 36. Re1 Bh5+ 37. Kg2 a5 38. Bf3 Bg6 39. Bg4 b4 40. h4 bxc3 41. bxc3 a4 42. h5 Be4+ 43. Kh3 a3 44. h6 a2 45. Ra1 Bb1 46. Bh5 Bd2 47. Kg4 Bxc3 48. Bg6 Bxa1 49. h7 Bxg6 50. Kxf4 Bh8 51. Ke3 Bb1 52. Kd2 a1=Q 53. Kc1 Qb2+ 54. Kd1 Qc2+ 55. Ke1 Bc3+ 56. Kf1 Qf5+ 57. Kg1 Qxh7 58. Kg2 Be4+ 59. Kf2 Bd4+ 60. Ke2 Qh2+ 61. Ke1 Bd3 62. Kd1 Be3 63. Ke1 d5 64. Kd1 d4 0-1


[Site "https://www.chess.com"]

[Event "Titled Tuesday Blitz March 08 Early 2022"]
[White "Sailer, Mike"]
[Black "Bodnaruk, Anastasia"]
[WhiteFideId "2012901"]
[BlackFideId "4181751"]
[WhiteElo "2109"]
[BlackElo "2393"]
[Result "0-1"]
[Round "01"]
[TimeControl "180+1"]
[Date "2022.03.09"]
[WhiteClock "0:01:00"]
[BlackClock "0:01:35"]

1. d4 Nf6 2. Nf3 g6 3. Bf4 Bg7 4. e3 O-O 5. Be2 d5 6. O-O Nh5 7. Bg5 h6 8. Bh4 g5 9. Nfd2 Nf6 10. Bg3 c5 11. c3 b6 12. Nf3 Ne4 13. Be5 f6 14. Bg3 Nc6 15. Nbd2 Nxg3 16. hxg3 e5 17. dxe5 fxe5 18. e4 d4 19. Bc4+ Kh8 20. Bd5 Bb7 21. a4 Qe7 22. Nc4 Nd8 23. Bxb7 Nxb7 24. Nh2 Rad8 25. Qe2 Qe6 26. f3 d3 27. Qd2 Qxc4 28. f4 exf4 29. gxf4 Qxe4 30. fxg5 Qe2 0-1


[Site "https://www.chess.com"]

[Event "Titled Tuesday Blitz March 08 Early 2022"]
[White "Samadov, Read"]
[Black "Soderstrom, Adrian"]
[WhiteFideId "13417444"]
[BlackFideId "1745786"]
[WhiteElo "2084"]
[BlackElo "2107"]
[Result "1-0"]
[Round "01"]
[TimeControl "180+1"]
[Date "2022.03.08"]
[WhiteClock "0:00:52"]
[BlackClock "0:00:18"]

1. d4 d5 2. c4 c6 3. Nf3 Nf6 4. g3 Bf5 5. Nc3 e6 6. Nh4 dxc4 7. Nxf5 exf5 8. e3 Nbd7 9. Bxc4 Nb6 10. Bb3 Qd7 11. O-O h5 12. Qf3 h4 13. e4 hxg3 14. hxg3 fxe4 15. Nxe4 Be7 16. Nxf6+ Bxf6 17. Re1+ Kf8 18. Bd2 Qh3 19. Bb4+ Kg8 20. Rad1 Rd8 21. Be7 Qh2+ 22. Kf1 Qh1+ 23. Ke2 Qxf3+ 24. Kxf3 Rxd4 25. Bxf6 Rxd1 26. Re8+ Kh7 27. Bc2+ 1-0


[Site "https://www.chess.com"]

[Event "Titled Tuesday Blitz March 08 Early 2022"]
[White "Samant Aditya S"]
[Black "Bures, Vit"]
[WhiteFideId "35080580"]
[BlackFideId "309052"]
[WhiteElo "1916"]
[BlackElo "2118"]
[Result "1-0"]
[Round "01"]
[TimeControl "180+1"]
[Date "2022.03.09"]
[WhiteClock "0:01:15"]
[BlackClock "0:01:43"]

1. d4 d5 2. c4 c6 3. Nf3 Nf6 4. Nc3 e6 5. e3 Nbd7 6. Bd3 dxc4 7. Bxc4 b5 8. Bd3 Bd6 9. O-O O-O 10. a4 b4 11. Ne4 Be7 12. Qc2 Bb7 13. Bd2 c5 14. Nxc5 Nxc5 15. dxc5 Bxf3 16. gxf3 Rc8 17. Bxb4 Nd5 18. Ba3 a5 19. Bxh7+ Kh8 20. Be4 Nb4 21. Bxb4 axb4 22. c6 f5 23. Bd3 Qb6 24. Bb5 f4 25. Qe4 fxe3 26. fxe3 Qc5 27. f4 Bf6 28. Rac1 Qh5 29. Rc2 1-0


[Site "https://www.chess.com"]

[Event "Titled Tuesday Blitz March 08 Early 2022"]
[White "Samunenkov, Ihor"]
[Black "Hoffmann, Asa"]
[WhiteFideId "14187086"]
[BlackFideId "2001470"]
[WhiteElo "2409"]
[BlackElo "2117"]
[Result "1-0"]
[Round "01"]
[TimeControl "180+1"]
[Date "2022.03.09"]
[WhiteClock "0:00:04"]
[BlackClock "0:00:26"]

1. e4 d6 2. d4 Nf6 3. Nc3 c6 4. f4 Qa5 5. Bd3 e5 6. Nf3 exd4 7. Nxd4 Qb6 8. Nf3 Be7 9. Qe2 O-O 10. Rb1 Bg4 11. Be3 Qc7 12. O-O Nbd7 13. h3 Bxf3 14. Qxf3 b5 15. Rbd1 Rfe8 16. Rfe1 Bf8 17. Bf2 a6 18. g4 Nb6 19. b3 Nfd7 20. Ne2 Nc5 21. Nd4 Nxd3 22. cxd3 g6 23. f5 c5 24. Ne2 Bg7 25. f6 Bh8 26. g5 Qc6 27. Nf4 Re5 28. h4 Rae8 29. Rc1 Qd7 30. Bg3 h6 31. Nd5 Nxd5 32. Bxe5 Rxe5 33. exd5 Rf5 34. Qg2 Rf4 35. Re4 Qf5 36. Rf1 Rxf1+ 37. Qxf1 Qxd5 38. Qf3 Kh7 39. Kg2 hxg5 40. Re7 Qxf3+ 41. Kxf3 gxh4 42. Rxf7+ Kg8 43. Rd7 Bxf6 44. Rxd6 Kf7 45. Rxa6 g5 46. Kg4 Bd4 47. a4 bxa4 48. bxa4 Ke7 49. Rh6 Be3 50. a5 Kd7 51. a6 Kc7 52. Rh7+ Kb8 53. Kf5 Ka8 54. Ke4 Bf4 55. Kd5 Be3 56. Kc6 g4 57. Rxh4 g3 58. Rg4 Bf2 59. Rg7 Kb8 60. Kb5 Ka8 61. Ka5 Kb8 62. a7+ Ka8 63. Ka6 1-0


[Site "https://www.chess.com"]

[Event "Titled Tuesday Blitz March 08 Early 2022"]
[White "Sanchez, Robert"]
[Black "Tologon tegin, Semetei"]
[WhiteFideId "2034360"]
[BlackFideId "13800574"]
[WhiteElo "2245"]
[BlackElo "2258"]
[Result "1-0"]
[Round "01"]
[TimeControl "180+1"]
[Date "2022.03.09"]
[WhiteClock "0:00:54"]
[BlackClock "0:00:32"]

1. e4 e5 2. Nf3 Nc6 3. Bb5 a6 4. Ba4 Nf6 5. d3 b5 6. Bb3 Be7 7. c3 O-O 8. O-O d5 9. Qe2 Bg4 10. h3 Bh5 11. Rd1 Re8 12. Nbd2 Bc5 13. Nf1 h6 14. Ng3 Bg6 15. Nh4 Bh7 16. Nhf5 Bf8 17. Qf3 d4 18. cxd4 Nxd4 19. Nxd4 Qxd4 20. Nf5 Qb6 21. Be3 c5 22. Rac1 Rac8 23. g4 Bxf5 24. Qxf5 g6 25. Qxg6+ Bg7 26. Bxf7+ Kf8 27. Bxe8 Rxe8 28. Bxh6 Bxh6 29. Qxh6+ Ke7 30. Qg7+ Ke6 31. Qg6 Ke7 32. Qg7+ Ke6 33. g5 Rf8 34. gxf6 Rxf6 35. Qg8+ Ke7 36. Qd5 c4 37. Qxe5+ Kf8 38. d4 Kg8 39. Rc3 1-0


[Site "https://www.chess.com"]

[Event "Titled Tuesday Blitz March 08 Early 2022"]
[White "Seemann, Jakub"]
[Black "Levin, Anthony"]
[WhiteFideId "21874697"]
[BlackFideId "30940680"]
[WhiteElo "2003"]
[BlackElo "1864"]
[Result "1-0"]
[Round "01"]
[TimeControl "180+1"]
[Date "2022.03.09"]
[WhiteClock "0:02:31"]
[BlackClock "0:02:16"]

1. Nf3 d5 2. g3 Bf5 3. b3 Nf6 4. Bb2 e6 5. Bg2 Be7 6. O-O O-O 7. d3 h6 8. Nbd2 Nbd7 9. Re1 c6 10. e4 dxe4 11. dxe4 Bh7 12. Qe2 Nc5 13. Rad1 Qa5 14. Nc4 Qc7 15. Be5 Qc8 16. Nd6 Qb8 17. Nf5 Qe8 18. Nxe7+ Qxe7 19. Bd6 Qxd6 20. Rxd6 Rfd8 21. Rxd8+ Ne8 22. Red1 Rb8 23. Rxb8 Nd7 24. Rxe8+ Nf8 25. Rdd8 Bg6 26. Rxf8+ Kh7 27. Rh8# 1-0


[Site "https://www.chess.com"]

[Event "Titled Tuesday Blitz March 08 Early 2022"]
[White "Shukhman, Anna"]
[Black "Donchenko, Alexander"]
[WhiteFideId "54180058"]
[BlackFideId "24603295"]
[WhiteElo "1665"]
[BlackElo "2539"]
[Result "1/2-1/2"]
[Round "01"]
[TimeControl "180+1"]
[Date "2022.03.09"]
[WhiteClock "0:00:16"]
[BlackClock "0:00:23"]

1. e4 e5 2. Nf3 Nc6 3. Bb5 a6 4. Ba4 Nf6 5. O-O b5 6. Bb3 Bc5 7. c3 d6 8. d4 Bb6 9. h3 O-O 10. Re1 h6 11. a4 Bb7 12. Bc2 Re8 13. axb5 axb5 14. Rxa8 Qxa8 15. Na3 exd4 16. Nxb5 dxc3 17. Nxc3 Nb4 18. Be3 Nxc2 19. Qxc2 Nxe4 20. Bxb6 cxb6 21. Nd4 Nxc3 22. Rxe8+ Qxe8 23. Qxc3 Qe4 24. f3 Qe5 25. Kf2 g5 26. Ne2 Kg7 27. Qxe5+ dxe5 28. Ke3 f5 29. Nc3 Bc6 30. g3 f4+ 31. gxf4 gxf4+ 32. Ke2 Kf6 33. b4 Kg5 34. Kf2 b5 35. Kg2 Kh4 36. Ne2 Kg5 37. Nc3 Kf5 38. Kf2 Ke6 39. Ke2 Ke7 40. Kf2 Kf6 41. Ke2 Kf5 42. Kf2 Kg5 43. Kg2 1/2-1/2


[Site "https://www.chess.com"]

[Event "Titled Tuesday Blitz March 08 Early 2022"]
[White "Shuvalov, Evgenij"]
[Black "Erigaisi Arjun"]
[WhiteFideId "4187237"]
[BlackFideId "35009192"]
[WhiteElo "2151"]
[BlackElo "2745"]
[Result "0-1"]
[Round "01"]
[TimeControl "180+1"]
[Date "2022.03.08"]
[WhiteClock "0:01:07"]
[BlackClock "0:02:06"]

1. Nf3 d6 2. d4 Nf6 3. c4 Bg4 4. Nc3 Nbd7 5. h3 Bxf3 6. exf3 e6 7. Be3 d5 8. c5 c6 9. b4 g6 10. f4 Bg7 11. Be2 h5 12. a3 Ne4 13. Qc2 f5 14. Nb1 a5 15. Qb2 O-O 16. Nd2 b6 17. cxb6 Qxb6 18. O-O c5 19. dxc5 Bxb2 20. cxb6 Bxa1 21. Rxa1 axb4 22. a4 Nxd2 23. a5 Nb3 24. a6 Nxa1 25. b7 Rab8 26. Bb5 b3 27. Bd4 Nc2 28. Bb2 Nc5 29. a7 Rxb7 30. Bc6 Rxa7 0-1


[Site "https://www.chess.com"]

[Event "Titled Tuesday Blitz March 08 Early 2022"]
[White "Shuvalova, Polina"]
[Black "Lima, Kleyton Alcantara"]
[WhiteFideId "24171760"]
[BlackFideId "22718397"]
[WhiteElo "2355"]
[BlackElo "1951"]
[Result "0-1"]
[Round "01"]
[TimeControl "180+1"]
[Date "2022.03.09"]
[WhiteClock "0:00:07"]
[BlackClock "0:00:13"]

1. d4 Nf6 2. Nf3 g6 3. c4 Bg7 4. Nc3 d5 5. cxd5 Nxd5 6. e4 Nxc3 7. bxc3 c5 8. Bb5+ Nc6 9. O-O cxd4 10. cxd4 O-O 11. Bxc6 bxc6 12. Qc2 Ba6 13. Rd1 Qd7 14. Ba3 Rfd8 15. Rac1 Bb5 16. Bc5 a5 17. a4 Ba6 18. h3 Rdb8 19. Qc3 h5 20. Ba3 Bb7 21. Rd2 c5 22. Bxc5 Bh6 23. Ne5 Qxa4 24. Re1 Bxd2 25. Qxd2 Qe8 26. Nc4 a4 27. Ba3 Bc6 28. d5 Bb5 29. Ne5 Bd7 30. Rc1 Rb3 31. Ra1 Rab8 32. Kh2 R8b7 33. Nc4 R3b5 34. d6 e6 35. Qd4 e5 36. Qd2 Be6 37. Ne3 Qd7 38. f3 Rb3 39. Nd5 Bxd5 40. Qxd5 Rb1 41. Rxb1 Rxb1 42. Qxe5 Qa7 43. Qe8+ Kh7 44. d7 Qg1+ 45. Kg3 Qe1+ 46. Kf4 Qd2+ 47. Kg3 Qe1+ 48. Kf4 Qd2+ 49. Ke5 Qg5+ 50. Kd6 Rd1+ 51. Kc7 Qa5+ 52. Kc6 Qa6+ 53. Kc5 Qa7+ 54. Kb4 Qxd7 55. Qe5 Rd4+ 56. Kc3 Rd3+ 57. Kb2 Qd4+ 58. Qxd4 Rxd4 59. Bc5 Rd2+ 60. Ka3 Rxg2 61. Kxa4 Rg3 62. Bd6 Rxf3 63. Kb5 Rxh3 64. Kc4 Rf3 65. Kd4 g5 66. e5 g4 67. Ke4 Kg6 68. Bc5 h4 69. Bg1 h3 70. Bh2 Rf2 71. Bg3 h2 72. Bxf2 h1=Q+ 73. Kf4 Qf3# 0-1


[Site "https://www.chess.com"]

[Event "Titled Tuesday Blitz March 08 Early 2022"]
[White "Shyaamnikhil P"]
[Black "Mayaud, Raphael"]
[WhiteFideId "5024218"]
[BlackFideId "627151"]
[WhiteElo "2329"]
[BlackElo "2191"]
[Result "1-0"]
[Round "01"]
[TimeControl "180+1"]
[Date "2022.03.09"]
[WhiteClock "0:01:51"]
[BlackClock "0:00:01"]

1. d4 Nf6 2. Bg5 Ne4 3. Bf4 d5 4. f3 Nf6 5. e4 dxe4 6. Nc3 Nd5 7. Nxd5 Qxd5 8. c4 Qa5+ 9. Bd2 Qb6 10. Bc3 Bf5 11. g4 Bg6 12. Bg2 e5 13. Qa4+ c6 14. O-O-O exd4 15. Rxd4 Bc5 16. Ba5 Bxd4 17. Bxb6 Bxb6 18. fxe4 Be3+ 19. Kb1 Nd7 20. Ne2 Nc5 21. Qa3 Nxe4 22. Qxe3 O-O 23. Bxe4 Rfe8 24. Ng3 Rxe4 25. Nxe4 Re8 26. Re1 f5 27. gxf5 Bxf5 28. Qf4 1-0


[Site "https://www.chess.com"]

[Event "Titled Tuesday Blitz March 08 Early 2022"]
[White "Silva, Miguel Antonio Neto"]
[Black "Marcinczyk, Monika"]
[WhiteFideId "1911929"]
[BlackFideId "1192051"]
[WhiteElo "2204"]
[BlackElo "1783"]
[Result "1-0"]
[Round "01"]
[TimeControl "180+1"]
[Date "2022.03.09"]
[WhiteClock "0:01:09"]
[BlackClock "0:00:03"]

1. e4 e5 2. Nf3 Nc6 3. Bc4 Bc5 4. c3 Nf6 5. d3 a6 6. a4 Ba7 7. O-O d6 8. Re1 O-O 9. h3 h6 10. Nbd2 Re8 11. b4 Bd7 12. Bb2 Ne7 13. Qb3 Rf8 14. d4 Ng6 15. a5 Qe7 16. Nf1 Bb5 17. Bxb5 axb5 18. Ng3 c6 19. a6 bxa6 20. Rxa6 Qb7 21. Raa1 Rfe8 22. dxe5 dxe5 23. Nf5 Rad8 24. c4 bxc4 25. Qxc4 Qb6 26. Ne3 Nf4 27. Ra6 Qb7 28. Rxc6 Nd3 29. Rc7 Qb6 30. Qxf7+ Kh7 31. Qxg7# 1-0


[Site "https://www.chess.com"]

[Event "Titled Tuesday Blitz March 08 Early 2022"]
[White "Siva Mahadevan"]
[Black "Rangel, Daniel"]
[WhiteFideId "25043153"]
[BlackFideId "2124475"]
[WhiteElo "2203"]
[BlackElo "2225"]
[Result "1/2-1/2"]
[Round "01"]
[TimeControl "180+1"]
[Date "2022.03.09"]
[WhiteClock "0:00:40"]
[BlackClock "0:00:06"]

1. e4 c6 2. d3 d5 3. Nd2 g6 4. g3 Bg7 5. Bg2 Nf6 6. Ngf3 O-O 7. O-O Bg4 8. h3 Bxf3 9. Qxf3 Nbd7 10. Qe2 e5 11. b3 Re8 12. Bb2 a5 13. a3 Nf8 14. Rae1 dxe4 15. dxe4 N6d7 16. a4 Ne6 17. Nc4 Nd4 18. Qd2 b5 19. axb5 cxb5 20. Ne3 Nc5 21. Nd5 a4 22. b4 Nce6 23. c3 Nc6 24. Ba3 Ra7 25. Qd3 Qb8 26. Rd1 Rd8 27. Qe3 Ne7 28. Rd3 Nxd5 29. exd5 Rad7 30. Rfd1 Nc7 31. h4 Ne8 32. h5 Nd6 33. hxg6 hxg6 34. Bc1 Nc4 35. Qg5 a3 36. Qh4 a2 37. Bg5 Rc8 38. Ra1 Ra7 39. Bh3 Nb2 40. Rd2 Rc4 41. g4 Na4 42. Rdxa2 Rxc3 43. Bg2 Qc7 44. Rd1 Rc4 45. d6 Qd7 46. Bf3 e4 47. Bg2 Rb7 48. Re2 Nc3 49. Rde1 Nxe2+ 50. Rxe2 Qxd6 51. Rxe4 Rxe4 52. Bxe4 Rd7 53. Kg2 Qd4 54. Bc6 Rd6 55. Bf3 Qxb4 56. Be7 Qd4 57. Bxd6 Qxd6 58. Qg5 b4 59. Qb5 Bd4 60. Be4 Kg7 61. Bf3 Bc5 62. Qb7 Qd4 63. Bd5 Qxf2+ 64. Kh3 Qe3+ 65. Kg2 Qf2+ 66. Kh3 Qf1+ 67. Bg2 Qf2 68. Bd5 1/2-1/2


[Site "https://www.chess.com"]

[Event "Titled Tuesday Blitz March 08 Early 2022"]
[White "Sovetbekova, Nurai"]
[Black "Al-Tarboush, Ward"]
[WhiteFideId "13801910"]
[BlackFideId "7601450"]
[WhiteElo "1538"]
[BlackElo "2276"]
[Result "0-1"]
[Round "01"]
[TimeControl "180+1"]
[Date "2022.03.09"]
[WhiteClock "0:00:22"]
[BlackClock "0:01:58"]

1. d4 d5 2. c4 c6 3. Nf3 Nf6 4. g3 Bf5 5. Qb3 Qb6 6. c5 Qxb3 7. axb3 Nbd7 8. Nc3 a6 9. Bf4 h6 10. h4 g6 11. Ra4 Bg7 12. Rb4 Ra7 13. Nd1 O-O 14. e3 Be4 15. Be2 Nh5 16. Bc7 e5 17. g4 Nhf6 18. Nc3 exd4 19. Nxe4 dxe4 20. Nxd4 Nd5 21. Bb6 N7xb6 22. cxb6 Raa8 23. Ra4 c5 24. Nc2 Bxb2 25. O-O Nc3 26. Bc4 Nxa4 27. bxa4 Rfd8 0-1


[Site "https://www.chess.com"]

[Event "Titled Tuesday Blitz March 08 Early 2022"]
[White "Spata, German"]
[Black "Thomas, Anysia"]
[WhiteFideId "113026"]
[BlackFideId "670472"]
[WhiteElo "2238"]
[BlackElo "2002"]
[Result "1-0"]
[Round "01"]
[TimeControl "180+1"]
[Date "2022.03.09"]
[WhiteClock "0:01:39"]
[BlackClock "0:00:15"]

1. Nf3 g6 2. d4 Nf6 3. e3 Bg7 4. Be2 O-O 5. O-O d6 6. b3 b6 7. Bb2 Bb7 8. c4 d5 9. cxd5 Nxd5 10. Nc3 Nxc3 11. Bxc3 c5 12. Rc1 Nd7 13. h3 Rc8 14. Bb5 cxd4 15. Nxd4 Nc5 16. Bb2 Qd5 17. f3 Rfd8 18. Qe2 e5 19. Bc4 Qd7 20. Nb5 Qd2 21. Rfd1 Qxe2 22. Bxe2 Ba6 23. Kf2 Bxb5 24. Bxb5 a6 25. Be2 b5 26. Rxd8+ Rxd8 27. Rxc5 Bf8 28. Rc2 1-0


[Site "https://www.chess.com"]

[Event "Titled Tuesday Blitz March 08 Early 2022"]
[White "Stankovic, Ivan G"]
[Black "Yuan, Qingyu"]
[WhiteFideId "902837"]
[BlackFideId "8609772"]
[WhiteElo "2195"]
[BlackElo "2359"]
[Result "0-1"]
[Round "01"]
[TimeControl "180+1"]
[Date "2022.03.09"]
[WhiteClock "0:00:11"]
[BlackClock "0:00:05"]

1. e4 c5 2. c4 Nc6 3. Nc3 g6 4. g3 Bg7 5. Bg2 e6 6. d3 Nge7 7. Nge2 O-O 8. Be3 Nd4 9. Rb1 a6 10. a3 b5 11. b4 bxc4 12. dxc4 Nxe2 13. Nxe2 cxb4 14. axb4 Bb7 15. Bc5 f5 16. O-O fxe4 17. Nf4 Be5 18. Nxe6 dxe6 19. Qxd8 Rfxd8 20. Bxe7 Rd4 21. Rfc1 Rc8 22. Bc5 Rd2 23. Re1 Bd4 24. Bxd4 Rxd4 25. c5 Rcd8 26. h4 Rc4 27. Rbc1 Rdd4 28. Bf1 Rxc1 29. Rxc1 Kf7 30. b5 axb5 31. c6 Bc8 32. Bxb5 Ke7 33. c7 Rb4 34. Rc5 Kd6 35. Rc6+ Kd5 36. Ra6 Rxb5 37. Ra8 Bd7 38. Rd8 Kc6 39. c8=Q+ Bxc8 40. Rxc8+ Kd6 41. Rd8+ Ke5 42. Rd7 h5 43. Rf7 Rb1+ 44. Kg2 Rb2 45. Kf1 Rc2 46. Ke1 Ra2 47. Kf1 Ra3 48. Kg2 Rb3 49. Rf8 Rb4 50. Rg8 Kf6 51. Rf8+ Kg7 52. Rf4 e5 0-1


[Site "https://www.chess.com"]

[Event "Titled Tuesday Blitz March 08 Early 2022"]
[White "Suarez Uriel, Adrian"]
[Black "Vasquez Schroeder, Rodrigo"]
[WhiteFideId "22230874"]
[BlackFideId "3400042"]
[WhiteElo "2316"]
[BlackElo "2561"]
[Result "0-1"]
[Round "01"]
[TimeControl "180+1"]
[Date "2022.03.08"]
[WhiteClock "0:00:08"]
[BlackClock "0:01:50"]

1. e4 c5 2. Ne2 Nf6 3. Nbc3 Nc6 4. d4 cxd4 5. Nxd4 d6 6. Bg5 e6 7. Qd2 Be7 8. O-O-O Nxd4 9. Qxd4 O-O 10. h4 Qa5 11. Kb1 Rd8 12. g4 e5 13. Qd2 Bxg4 14. Be2 Be6 15. Bxf6 Bxf6 16. Rhg1 Kf8 17. h5 h6 18. Nd5 Qxd2 19. Rxd2 Bg5 20. Rdd1 Rac8 21. Bg4 Rc4 22. f3 Rc5 23. c3 Bxd5 24. Rxd5 Rxd5 25. exd5 g6 26. Kc2 f5 27. Bh3 Kf7 28. Bf1 gxh5 29. Bd3 Kf6 30. c4 Rc8 31. b4 b5 32. Kb3 bxc4+ 33. Bxc4 h4 34. a4 Bf4 35. Rh1 Kg5 36. b5 Be3 37. a5 Bd2 38. b6 axb6 39. a6 Be3 40. Bb5 Ra8 41. Ra1 Ra7 42. Bc6 h3 43. Rh1 Kh4 44. Bb7 Kg3 45. Bc8 Kg2 46. Re1 h2 47. Kc4 Bf2 48. Rb1 Rc7+ 49. Kb5 Rxc8 50. a7 Ra8 51. Ka6 Rxa7+ 52. Kxa7 h1=Q 0-1


[Site "https://www.chess.com"]

[Event "Titled Tuesday Blitz March 08 Early 2022"]
[White "Suder, Jakub"]
[Black "De Arruda, Leandro Formes"]
[WhiteFideId "1195310"]
[BlackFideId "22722009"]
[WhiteElo "2058"]
[BlackElo "1852"]
[Result "1-0"]
[Round "01"]
[TimeControl "180+1"]
[Date "2022.03.09"]
[WhiteClock "0:01:43"]
[BlackClock "0:00:01"]

1. d4 d5 2. c4 e6 3. Nc3 Nf6 4. cxd5 exd5 5. Bg5 Be7 6. e3 c6 7. Bd3 O-O 8. Nge2 Re8 9. O-O Nbd7 10. Qc2 h6 11. Bh4 Ne4 12. Bxe7 Qxe7 13. Bxe4 dxe4 14. Rfd1 f5 15. Rac1 Nf6 16. d5 Bd7 17. dxc6 Bxc6 18. Nd4 Bd7 19. Qb3+ Kh7 20. Rd2 b6 21. Ncb5 Rac8 22. Rdc2 Rxc2 23. Rxc2 Bxb5 24. Qxb5 g6 25. h3 Rd8 26. Rc6 Rd7 27. Qc4 Nd5 28. Rc8 Nf6 29. g3 Nd5 30. h4 Nf6 31. h5 Nd5 32. hxg6+ Kxg6 33. Rc6+ Kg7 34. Nxf5+ 1-0


[Site "https://www.chess.com"]

[Event "Titled Tuesday Blitz March 08 Early 2022"]
[White "Svane, Frederik"]
[Black "Guseva, Marina"]
[WhiteFideId "12923044"]
[BlackFideId "4149351"]
[WhiteElo "2459"]
[BlackElo "2160"]
[Result "1-0"]
[Round "01"]
[TimeControl "180+1"]
[Date "2022.03.09"]
[WhiteClock "0:01:01"]
[BlackClock "0:00:11"]

1. e4 c5 2. Nf3 Nc6 3. Bb5 d6 4. O-O Bd7 5. Re1 Nf6 6. c3 a6 7. Bf1 Bg4 8. d4 cxd4 9. cxd4 d5 10. e5 Nd7 11. Be3 e6 12. Nbd2 Be7 13. h3 Bh5 14. a3 O-O 15. b4 b5 16. Rc1 Rc8 17. Nb3 Nb6 18. Nc5 Nc4 19. g4 Bg6 20. Qb3 Ra8 21. a4 Qc7 22. Bf4 Rfb8 23. a5 Rf8 24. Bg3 h6 25. Rcd1 Ra7 26. Bg2 Qd8 27. h4 Be4 28. Nxe4 dxe4 29. Rxe4 Bxb4 30. g5 N4xa5 31. Qb1 h5 32. g6 Nc4 33. gxf7+ Raxf7 34. Ng5 Qd7 35. d5 Rf5 36. dxc6 Qxc6 37. Qxb4 1-0


[Site "https://www.chess.com"]

[Event "Titled Tuesday Blitz March 08 Early 2022"]
[White "Sychev, Klementy"]
[Black "Muradov, Soltan"]
[WhiteFideId "4114060"]
[BlackFideId "14002108"]
[WhiteElo "2564"]
[BlackElo "1854"]
[Result "1-0"]
[Round "01"]
[TimeControl "180+1"]
[Date "2022.03.09"]
[WhiteClock "0:00:06"]
[BlackClock "0:00:03"]

1. e4 e5 2. Nf3 Nf6 3. Nxe5 d6 4. Nf3 Nxe4 5. d4 d5 6. Bd3 Bd6 7. O-O O-O 8. c4 c6 9. Nc3 Re8 10. Re1 Nxc3 11. bxc3 Nd7 12. Bg5 Rxe1+ 13. Qxe1 Qf8 14. c5 Bc7 15. Be7 Qe8 16. Bd6 Qxe1+ 17. Rxe1 Bxd6 18. cxd6 Nf6 19. Re7 b6 20. Ne5 Be6 21. Nxc6 g6 22. Ba6 Ne4 23. d7 Kf8 24. Bb7 Rd8 25. Rxe6 Rxd7 26. Rxe4 dxe4 27. Ba6 Rc7 28. d5 Ke8 29. Bb5 Kd7 30. Kf1 Kd6 31. c4 Kc5 32. Ke2 f5 33. Ke3 g5 34. h3 h6 35. g4 Rf7 36. Ne5 Rf6 37. Nd7+ Kd6 38. Nxf6 1-0


[Site "https://www.chess.com"]